 Dungeon Crawl Stone Soup version 0.29.1-12-g30fa7ad0bf (webtiles) character file.

Game seed: 16621327094394367898

55 zeram the Shield-Bearer (level 3, 0/26 HPs)
             Began as an Octopode Fighter on Dec 13, 2022.
             Slain by Grinder (6 damage)
             ... while paralysed by Grinder
             ... on level 3 of the Dungeon.
             The game lasted 00:03:42 (1933 turns).

zeram the Shield-Bearer (Octopode Fighter)          Turns: 1933, Time: 00:03:43

Health: 0/26       AC:  1    Str: 15    XL:     3   Next: 93%
Magic:  3/3        EV:  2    Int: 12    God:
Gold:   67         SH:  0    Dex: 11    Spells: 2/2 levels left

rFire   . . .      SeeInvis .   a - +0 rapier
rCold   . . .      Faith    .   b - +0 buckler
rNeg    . . .      Spirit   .   (helmet restricted)
rPois   .          Reflect  .   (no amulet)
rElec   .          Harm     .   (no ring)
rCorr   .          Rampage  .   (no ring)
Will    .....                   (no ring)
Stlth   +++.......              (no ring)
HPRegen 0.08/turn               (no ring)
MPRegen 0.08/turn               (no ring)
                                (no ring)
                                (no ring)

@: paralysed
A: almost no armour, amphibious, 8 rings, camouflage 1, gelatinous body 1,
(nimble swimmer 1), tentacles
a: no special abilities


You were on level 3 of the Dungeon.
You visited 1 branch of the dungeon, and saw 3 of its levels.

You collected 67 gold pieces.

Inventory:

Hand Weapons
 a - a +0 rapier (weapon)
Armour
 b - a +0 buckler (worn)
Scrolls
 h - a scroll of teleportation
Potions
 c - a potion of might
 e - a potion of magic {unknown}
 f - a potion of haste {unknown}
 g - a potion of mutation {unknown}


   Skills:
 - Level 3.0 Fighting
 + Level 2.7 Short Blades
 + Level 3.5 Dodging
 + Level 1.6 Stealth
 + Level 3.5 Shields


You had 2 spell levels left.
You didn't know any spells.
Your spell library contained the following spells:

 Spells                   Type           Power      Damage    Failure   Level
 Freeze                   Ice            0%         1d3       41%         1
 Ensorcelled Hibernation  Hex/Ice        0%         N/A       54%         2
 Frozen Ramparts          Ice            0%         1d1       78%         3
 Spider Form              Tmut/Pois      0%         N/A       78%         3
 Anguish                  Hex/Necr       0%         N/A       99%         4
 Hailstorm                Conj/Ice       0%         3d3       99%         4


Dungeon Overview and Level Annotations

Branches:
Dungeon (3/15)

Altars:

Shops:
D:1 (

Annotations:
D:3 Grinder


Innate Abilities, Weirdness & Mutations

You cannot wear most types of armour.
You are amphibious.
You can wear up to eight rings at the same time.
Your skin changes colour to match your surroundings (Stealth+).
Your rubbery body absorbs attacks. (AC +1, EV +1)
((You are camouflaged when in or above water. (Stealth+)))
You have tentacles for arms and can constrict up to eight enemies at once.


Message History

[Y]es or [N]o only, please.
Are you sure you want to cancel this blink? [Y]es or [N]o only, please.
Are you sure you want to cancel this blink?
Okay, then.
As you read the scroll labelled JYGEYK RAETU, it crumbles to dust.
It was a scroll of blinking.
Done exploring.
Done exploring.
Done exploring.
Done exploring.
(D) Dungeon
Where to? (Enter - D:2, ? - help)
Your surroundings suddenly seem different.
Done exploring.
Done exploring.
Done exploring.
Done exploring.
Okay, then.
Done exploring.
Done exploring.
(D) Dungeon
Where to? (Enter - D:3, ? - help)
There is a stone staircase leading down here.
You climb downwards.
There is a stone staircase leading up here.
Found a stone staircase leading down.
Grinder and a giant cockroach come into view.
There are monsters nearby!
There are monsters nearby!
There are monsters nearby!
Grinder hits you!
You writhe in agony.
Grinder attacks as you move away! You block Grinder's attack.
Grinder drinks a potion.
Grinder seems to grow stronger.
Grinder gestures at you.
You suddenly lose the ability to move!
Grinder hits you.
* * * LOW HITPOINT WARNING * * *
You writhe in agony.
You die...

######## ##
###...#.. >#
#.......# .#
##.B.....####.#
........5@..#.#
##.......##.#.#
#.#.....##.#.#
#............#
##########.###
#<# #.# #.# #.#


You could see Grinder (strong) and a giant cockroach (asleep).

Vanquished Creatures
  2 worms (D:2)
  A dart slug (D:1)
  2 endoplasms (D:1)
  4 giant cockroaches
  10 goblins
  3 hobgoblins (D:2)
  2 jackals (D:2)
  6 kobolds
  2 quokkas
  A ball python (D:2)
  3 bats
  A frilled lizard (D:2)
  4 rats
41 creatures vanquished.

Notes
Turn   | Place    | Note
-------+----------+-------------------------------------------
     0 | D:1      | zeram the Octopode Fighter began the quest for the Orb.
     0 | D:1      | Reached XP level 1. HP: 16/16 MP: 1/1
   248 | D:1      | Reached XP level 2. HP: 16/21 MP: 2/2
   360 | D:1      | Found Imis's Weapon Shop.
  1256 | D:2      | Reached XP level 3. HP: 26/26 MP: 3/3
  1340 | D:2      | Reached skill level 1 in Stealth
  1360 | D:2      | Found a faded altar of an unknown god.
  1925 | D:3      | Noticed Grinder
  1930 | D:3      | Paralysed by Grinder for 4 turns
  1933 | D:3      | Slain by Grinder

Illustrated notes

Levels and vault maps discovered:
D:1:      onia_arrival_pentagram, layout_basic, serial_shops,
          nicolae_shop_competitors_out_of_business
D:2:      layout_rooms, shapermc_ecumenical_altar_acropolis,
          minmay_goblin_kobold_house
D:3:      minmay_door_path, layout_loops_cross, nrook_uturn, uniq_grinder

Skill      XL: |  1  2  3 |
---------------+----------+-----
Stealth        | 1 |  1.6
Fighting       | |  3.0
Short Blades   | |  2.7
Dodging        | |  3.5
Shields        | |  3.5

Action                   || total
-------------------------++-------
Melee: Rapier            ||    77
       Tentacles         ||    18
       Constrict         ||    21
       Punch             ||     1
  Use: Scroll            ||     5
 Stab: Sleeping          ||     7
Armor: Skin              ||     9
Dodge: Dodged            ||    31
Block: Buckler           ||    10
